AoeStats
← papatheocari

Arabia

510293292Analyzed
1v1 RM · 16h ago on Sep 30, 2026· 53m 51s· 2 players
Game mode
Random Map
Map size
Tiny (2 player)
Population
200
Speed
Normal
Resources
Standard
Victory
Conquest
Starting age
Dark Age
Ending age
Imperial Age
RankedLock teamsTeams togetherTeam positionsShared explorationLock speedFull tech treeHidden civsTurbo modeCheats
Victory
Defeat
🇯🇴 Ethiopians · Jordan
1061
+18
🇧🇪 Franks · Belgium
1114
-18
papatheocari
2:22 Loom
12:24 Feudal Age
13:05 Double-Bit Axe
17:41 Castle Age
17:12 Scale Barding Armor
18:13 Forging
18:59 Bow Saw
21:15 Husbandry
25:19 Man-at-Arms
25:44 Gambesons
26:17 Elite Skirmisher
29:08 Long Swordsman
30:56 Chain Barding Armor
36:48 Imperial Age
36:54 Two-Handed Swordsman
37:40 Scale Mail Armor
38:47 Ballistics
39:31 Chemistry
38:58 Chain Mail Armor
38:35 Onager
39:16 Arson
39:23 Cavalier
41:01 Plate Barding Armor
41:10 Champion
52:52 Fletching
loweko
3:32 Loom
6:58 Loom
9:59 Feudal Age
10:34 Double-Bit Axe
10:30 Horse Collar
21:59 Castle Age
20:41 Fletching
20:52 Padded Archer Armor
22:15 Crossbowman
22:51 Bodkin Arrow
25:08 Ballistics
25:53 Leather Archer Armor
36:09 Imperial Age
34:16 Wheelbarrow
33:26 Town Watch
37:53 Chemistry
37:29 Bracer
38:04 Thumb Ring
40:35 Conscription
45:31 Halberdier
48:20 Fervor
48:31 Sanctity
52:18 Arbalester
Connection lost

Rejoining the realm…

Still unreachable

The connection could not be restored.

Session expired

The server has moved on; the page needs a fresh start.